 Dungeon Crawl Stone Soup version 0.31-a0-455-g1a7b003ef0 (webtiles) character file.

Game seed: 4569053690959851206

50 lunkers the Insei (level 4, 0/35 HPs)
             Began as a Meteoran Shapeshifter on Aug 2, 2023.
             Slain by a gnoll
             ... wielding a +0 spear
              (2 damage)
             ... on level 2 of the Dungeon on Aug 3, 2023.
             The game lasted 00:01:52 (533 turns).

lunkers the Insei (Meteoran Shapeshifter)            Turns: 533, Time: 00:01:52

Health: 0/35       AC:  2    Str: 16    XL:     4   Next: 24%
Magic:  5/5        EV: 12    Int: 10    God:
Gold:   54         SH:  0    Dex: 16    Spells: 3/3 levels left

rFire   . .          .
                       - Unarmed
rCold   . . .        (no shield)
rNeg    . . .        a - +0 animal skin
rPois   .            (helmet currently unavailable)
rElec   .            (cloak currently unavailable)
rCorr   .            (gloves currently unavailable)
SInv    .            (boots currently unavailable)
Will    .....        (no amulet)
Stlth   +            (no ring)
HPRegen 0.25/turn    (no ring)
MPRegen 0.09/turn

%: no passive effects
@: beast-form, glowing
A: beast (slay +2), sense surroundings 1, otherworldly, glowing, explore regen
a: Begin Untransformation


You were on level 2 of the Dungeon.
You were a hulking beast.
You visited 1 branch of the dungeon, and saw 2 of its levels.

You collected 54 gold pieces.

Inventory:

Missiles
 d - 3 throwing nets
Armour
 a - a +0 animal skin (worn)
Talismans
 c - a beast talisman (active)
Scrolls
 e - a scroll of teleportation


   Skills:
 - Level 1.1 Fighting
 - Level 2.4 Dodging
 * Level 5.0 Unarmed Combat
 + Level 4.1 Shapeshifting


You had 3 spell levels left.
You didn't know any spells.
Your spell library was empty.

Dungeon Overview and Level Annotations

Branches:
Dungeon (2/15) Zot: 672

Altars:


Innate Abilities, Weirdness & Mutations

You are a hulking beast.
Your limbs bulge with bestial killing power. (Slay +2)
You passively map a small area around you.
You are easily found by Zot.
You glow in the dark.
You regain HP and MP as you explore.


Message History

You cannot move.
The gnoll hits you from afar with a +0 spear.
* * * LOW HITPOINT WARNING * * *
You feel less wooden.
Your +0 animal skin unmelds from your body.
You turn into a hulking beast.
The gnoll closely misses you. The gnoll closely misses you.
You see here a +0 club.
You hit the gnoll.
The gnoll is lightly wounded.
The gnoll hits you with a +0 spear.
* * * LOW HITPOINT WARNING * * *
You hit the gnoll but do no damage.
The gnoll is lightly wounded.
The gnoll hits you with a +0 spear.
* * * LOW HITPOINT WARNING * * *
A gnoll comes into view. It is wielding a +0 spear.
The gnoll shouts!
You hit the gnoll.
The gnoll is moderately wounded.
The gnoll hits you with a +0 spear.
* * * LOW HITPOINT WARNING * * *
You closely miss the gnoll.
The gnoll is moderately wounded.
The gnoll closely misses you. The gnoll hits you with a +0 spear.
* * * LOW HITPOINT WARNING * * *
Okay, then.
You barely miss the gnoll.
The gnoll is moderately wounded.
The gnoll hits you with a +0 spear.
* * * LOW HITPOINT WARNING * * *
The gnoll closely misses you.
It was a potion of curing.
You feel better.
The gnoll hits you from afar with a +0 spear.
* * * LOW HITPOINT WARNING * * *
The gnoll barely misses you.
You hit the gnoll.
The gnoll is heavily wounded.
The gnoll hits you with a +0 spear.
You die...

,* ,
#.#.# , g
#.#.# .g
...# ...
##..# * ,
..,...#
#.##g####
,
#....gh.#
#....$.)#
#.......#
*, ,
#.......#
*
#.......#
#########


You could see 2 gnolls.

Vanquished Creatures
  A gnoll (D:2)
  An adder (D:2)
  A dart slug (D:1)
  5 endoplasms (D:1)
  2 giant cockroaches (D:1)
  3 goblins
  3 hobgoblins
  3 kobolds (D:1)
  A quokka (D:1)
  4 bats
  3 frilled lizards (D:1)
  A rat (D:2)
28 creatures vanquished.

Notes
Turn   | Place    | Note
-------+----------+-------------------------------------------
     0 | D:1      | lunkers the Meteoran Shapeshifter began the quest for the
                  | Orb.
     0 | D:1      | Reached XP level 1. HP: 16/16 MP: 2/2
    30 | D:1      | Reached skill level 4 in Unarmed Combat
    30 | D:1      | Reached XP level 2. HP: 22/23 MP: 3/3
   233 | D:1      | Reached XP level 3. HP: 24/28 MP: 4/4
   465 | D:2      | Upgraded the game from 0.31-a0-441-g867994ef1c to
                  | 0.31-a0-455-g1a7b003ef0
   493 | D:2      | Reached skill level 5 in Unarmed Combat
   493 | D:2      | Reached XP level 4. HP: 20/35 MP: 5/5
   533 | D:2      | Slain by a gnoll

Illustrated notes

Levels and vault maps discovered:
D:1:      nzn_arrival_water_spiral, layout_loops_ring
D:2:      layout_rooms

Skill      XL: |  1  2  3 |
---------------+----------+-----
Unarmed Combat | 4 5 |  5.0
Shapeshifting  | 4 |  4.1
Fighting       | |  1.1
Dodging        | |  2.4

Action                     |  1- 3 |  4- 6 || total
---------------------------+-------+-------++-------
  Melee: Unarmed           |    63 |    14 ||    77
    Use: Scroll            |     2 |       ||     2
         Potion            |     1 |     1 ||     2
 Armour: Animal skin       |     8 |       ||     8
         Skin              |    14 |     8 ||    22
  Dodge: Dodged            |    18 |     7 ||    25

Table legend: (Time is in decaauts)
 A = Elapsed time spent in this place.
 B = Non-inter-level travel time spent in this place.
 C = Inter-level travel time spent in this place.
 D = Time resting spent in this place.
 E = Time spent auto-exploring this place.
 F = Levels seen in this place.
 G = Mean time per level.
                   A        B        C        D        E       F      G
               +--------+--------+--------+--------+--------+-----+--------+
         Total |    527 |    527 |      0 |     13 |    349 |   2 |  263.5 |
       Dungeon |    527 |    527 |      0 |     13 |    349 |   2 |  263.5 |
               +--------+--------+--------+--------+--------+-----+--------+

Top non-repeatable levels by time:
     D:1: 460 daAuts
     D:2: 66 daAuts
